 Dungeon Crawl Stone Soup version 0.27.1-33-g824d729ab1 (webtiles) character file.

Game seed: 12411977959787280902

70 lordive the Chopper (level 4, -2/40 HPs)
             Began as a Hill Orc Monk on Dec 27, 2021.
             Succumbed to Crazy Yiuf's poison
             ... on level 2 of the Dungeon.
             The game lasted 00:02:05 (2199 turns).

lordive the Chopper (Hill Orc Monk)                 Turns: 2199, Time: 00:02:06

Health: -2/40      AC: 10    Str: 14    XL:     4   Next: 21%
Magic:  1/4        EV:  4    Int: 10    God:
Gold:   65         SH:  0    Dex: 19    Spells: 3/3 levels left

rFire    . . .     SeeInvis .   a - +0 hand axe
rCold    . . .     Faith    .   (no shield)
rNeg     . . .     Spirit   .   b - +0 plate armour
rPois    .         Reflect  .   (no helmet)
rElec    .         Harm     .   (no cloak)
rCorr    .         Rampage  .   (no gloves)
Will     .....                  (no boots)
Stlth    ..........             (no amulet)
HPRegen  0.13/turn              c - +6 ring of dexterity
MPRegen  0.09/turn              (no ring)

@: lethally poisoned (-2 -> -16)
A: no striking features
a: no special abilities


You were on level 2 of the Dungeon.
You visited 1 branch of the dungeon, and saw 2 of its levels.

You collected 65 gold pieces.

Inventory:

Hand Weapons
 a - a +0 hand axe (weapon)
Armour
 b - a +0 plate armour (worn)
 i - a +0 chain mail
Jewellery
 c - a +6 ring of dexterity (left hand)
 f - an amulet of faith
Scrolls
 d - 2 scrolls of teleportation {unknown}
 e - 2 scrolls of identify {unknown}
 g - 2 scrolls of amnesia {unknown}
 h - a scroll of fog {unknown}
 l - a scroll of noise {unknown}
Potions
 j - a potion of lignification {unknown}
 k - a potion of flight {unknown}


   Skills:
 + Level 4.2 Fighting
 + Level 5.1 Axes
 + Level 0.6 Armour
 + Level 2.9 Dodging
 + Level 2.0 Stealth


You had 3 spell levels left.
You didn't know any spells.
Your spell library was empty.

Dungeon Overview and Level Annotations

Branches:
Dungeon (2/15)

Altars:
Fedhas

Annotations:
D:2 Crazy Yiuf


Message History

Could not explore, unopened runed door.
Could not explore, unopened runed door.
Could not explore, unopened runed door.
Could not explore, unopened runed door.
You open the door. Crazy Yiuf hits you but does no damage.
You closely miss Crazy Yiuf.
Crazy Yiuf screams, "Orb!"
Crazy Yiuf barely misses you.
You hit Crazy Yiuf.
Crazy Yiuf is lightly wounded.
Crazy Yiuf hits you with a +4 quarterstaff of chaos.
Crazy Yiuf burns you.
You hit Crazy Yiuf but do no damage.
Crazy Yiuf is lightly wounded.
Crazy Yiuf hits you with a +4 quarterstaff of chaos.
You are confused.
You bump into the tree.
Crazy Yiuf hits you but does no damage.
You bump into the tree.
Crazy Yiuf hits you but does no damage.
You are poisoned.
You're too confused to move!
You feel less confused.
You feel very sick.
Crazy Yiuf hits you with a +4 quarterstaff of chaos!
You feel your power leaking away.
You completely miss Crazy Yiuf.
Crazy Yiuf is lightly wounded.
You feel sick.
Crazy Yiuf hits you with a +4 quarterstaff of chaos.
You are lethally poisoned!
Your plate armour prevents you from hitting Crazy Yiuf.
Crazy Yiuf is lightly wounded.
* * * LOW HITPOINT WARNING * * *
You feel very sick.
Crazy Yiuf hits you with a +4 quarterstaff of chaos.
* * * LOW HITPOINT WARNING * * *
Crazy Yiuf burns you.
* * * LOW HITPOINT WARNING * * *
You hit Crazy Yiuf.
Crazy Yiuf is lightly wounded.
You die...

..##.#.....#..........#
#....#.#
...........############
####.#.# ###...####.#
#.#.. #........# #####
#.### #.##.##### #..)#
#.... ###.#...#### #.).#
##### ....#.#.#..# )..
.####.#.#.## #g#
.####.#.#.# ♣♣@♣
.#....#...# ♣)♣♣
.####.#...# ♣♣.♣
.####.#...## ♣.♣♣
.#......<..# ♣♣)♣♣
.#.##...#.## ♣..P♣♣
.#.........# ♣.PP)♣
###### .#########.#
##..## ### #.....
......#....###....####.#
#.....


You could see Crazy Yiuf.

Vanquished Creatures
  2 adders (D:2)
  2 ball pythons (D:2)
  An endoplasm (D:1)
  3 giant cockroaches
  2 goblins
  4 hobgoblins
  7 jackals
  2 quokkas (D:2)
  7 bats
  3 frilled lizards
  9 kobolds
  6 rats
48 creatures vanquished.

Notes
Turn   | Place    | Note
-------+----------+-------------------------------------------
     0 | D:1      | lordive the Hill Orc Monk began the quest for the Orb.
     0 | D:1      | Reached XP level 1. HP: 19/19 MP: 1/1
   354 | D:1      | Reached XP level 2. HP: 22/27 MP: 2/2
   726 | D:1      | Reached XP level 3. HP: 33/33 MP: 3/3
   933 | D:2      | Found a blossoming altar of Fedhas.
  1126 | D:2      | Found a faded altar of an unknown god.
  1258 | D:2      | Found a runed translucent door.
  1259 | D:2      | Noticed Crazy Yiuf
  1680 | D:2      | Reached skill level 5 in Axes
  1875 | D:2      | Reached XP level 4. HP: 40/40 MP: 4/4
  2198 | D:2      | HP: 1/40 [Crazy Yiuf (2)]
  2199 | D:2      | Succumbed to Crazy Yiuf's poison

Illustrated notes

Levels and vault maps discovered:
D:1:      tarquinn_simple_flora_water_e, layout_loops_cross
D:2:      layout_basic, ebering_ecumenical_altar_box, basic_altar,
          uniq_crazy_yiuf_cottage

Skill      XL: |  1  2  3  4 |
---------------+-------------+-----
Fighting       | 4 |  4.2
Axes           | 5 |  5.1
Stealth        | 2 |  2.0
Armour         | |  0.6
Dodging        | |  2.9

Action                   |  1- 3 |  4- 6 || total
-------------------------+-------+-------++-------
Melee: Hand axe          |   155 |    22 ||   177
 Stab: Sleeping          |     1 |       ||     1
Armor: Robe              |    13 |       ||    13
       Chain mail        |    10 |       ||    10
       Plate armour      |    66 |    13 ||    79
Dodge: Dodged            |    95 |     3 ||    98
